 Dungeon Crawl Stone Soup version 0.29-a0-297-g7659ce593d (webtiles) character file.

Game seed: 4067864243804619754

49 Dabor the Insei (level 3, -1/18 HPs)
             Began as a Vine Stalker Transmuter on Mar 21, 2022.
             Slain by a frilled lizard (2 damage)
             ... on level 1 of the Dungeon.
             The game lasted 00:01:57 (1454 turns).

Dabor the Insei (Vine Stalker Transmuter)           Turns: 1454, Time: 00:01:58

Health: -1/18      AC:  2    Str: 14    XL:     3   Next: 77%
Magic:  0/8        EV: 12    Int: 13    God:
Gold:   57         SH:  0    Dex: 14    Spells: 6/7 levels left

rFire   . . .      SeeInvis .     - Unarmed
rCold   . . .      Faith    .   (no shield)
rNeg    . . .      Spirit   +   a - +0 robe
rPois   .          Reflect  .   (helmet currently unavailable)
rElec   .          Harm     .   (no cloak)
rCorr   .          Rampage  .   (no gloves)
Will    .....                   (boots currently unavailable)
Stlth   +.........              (no amulet)
HPRegen 0.06/turn               (no ring)
MPRegen 0.11/turn               (no ring)

@: appendages (expiring)
A: horns 2, talons 2, fangs 2, magic shield, antimagic bite, no potion heal 2
a: End Transformation


You were on level 1 of the Dungeon.
You had temporarily grown beastly horns and talons.
You visited 1 branch of the dungeon, and saw 2 of its levels.

You collected 57 gold pieces.

Inventory:

Armour
 a - a +0 robe (worn)
Scrolls
 c - 3 scrolls of identify {unknown}
Potions
 b - 2 potions of lignification
 d - a potion of mutation {unknown}
 e - a potion of invisibility {unknown}


   Skills:
 + Level 1.5 Fighting
 + Level 2.0 Dodging
 + Level 3.3 Unarmed Combat
 + Level 2.7 Spellcasting
 + Level 2.4 Transmutations


You had 6 spell levels left.
You knew the following spells:

 Your Spells              Type           Power      Damage    Failure   Level
a - Beastly Appendage     Tmut           16%        N/A       9%          1

Your spell library contained the following spells:

 Spells                   Type           Power      Damage    Failure   Level
 Wereblood                Tmut           8%         N/A       13%         2
 Spider Form              Tmut/Pois      4%         N/A       41%         3
 Ice Form                 Ice/Tmut       4%         N/A       82%         4


Dungeon Overview and Level Annotations

Branches:
Dungeon (2/15)

Altars:


Innate Abilities, Weirdness & Mutations

You have temporarily grown beastly horns and talons.
You have extremely sharp teeth.
When hurt, damage is shared between your health and your magic reserves.
Your bite disrupts and absorbs the magic of your enemies.
Potions cannot restore your health.


Message History

You see here a hobgoblin corpse.
Found a stone staircase leading down.
You start resting.
Magic restored.
You start resting.
A frilled lizard comes into view.
The frilled lizard hisses angrily.
You hear a shout!
A goblin, a hobgoblin and a quokka come into view.
The hobgoblin moves out of view.
The quokka moves out of view.
You closely miss the frilled lizard. The frilled lizard closely misses you.
You closely miss the frilled lizard. The frilled lizard closely misses you.
You barely miss the frilled lizard. The frilled lizard closely misses you.
Casting: Beastly Appendage (safe; 9% risk of failure)
Confirm with . or Enter, or press ? or * to list all spells.
You grow a pair of large bovine horns.
Your feet morph into talons.
The frilled lizard bites you.
Casting: Beastly Appendage (safe; 9% risk of failure)
Confirm with . or Enter, or press ? or * to list all spells.
You don't know that spell.
The frilled lizard attacks as you move away!
The frilled lizard bites you but does no damage.
The quokka closely misses you. The quokka attacks as you move away!
The quokka bites you. x2
The quokka bites you.
* * * LOW HITPOINT WARNING * * *
The frilled lizard barely misses you.
There is a stone staircase leading up here.
Your transformation is almost over.
The quokka barely misses you. The frilled lizard bites you.
* * * LOW HITPOINT WARNING * * *
You climb upwards.
There is a stone staircase leading down here.
You closely miss the frilled lizard. Your kick misses the frilled lizard.
Your bite misses the frilled lizard. The quokka barely misses you.
The frilled lizard bites you.
You barely miss the frilled lizard. The quokka completely misses you.
You barely miss the frilled lizard. The quokka bites you.
* * * LOW HITPOINT WARNING * * *
The frilled lizard bites you.
You die...

#...##†# ##..#..###.##.# #..
#...##.####..#......##.# ##.
#.).#............>####.# #.
###...#..####..##.######.#######.
.................................
###.†.#................#.####....
##†##.#####............# #÷##.
#.##.##.....r...###.######.###
#.##........l@#...............
#.#####.........##.#######.###
#.##............##.# #.#
#....##.......#.##.# #.#
#######.......#.##.# #.#
#.......#.##.#######.#
#########.##.........###
#............... ###############.


You could see a quokka and a frilled lizard.

Vanquished Creatures
  A gnoll (D:1)
  An adder (D:2)
  A worm (D:1)
  A dart slug (D:2)
  4 hobgoblins
  3 jackals (D:1)
  A kobold (D:1)
  3 quokkas (D:1)
  A ball python (D:2)
  4 bats (D:1)
  A frilled lizard (D:1)
  2 goblins (D:1)
  2 rats (D:1)
25 creatures vanquished.

Notes
Turn   | Place    | Note
-------+----------+-------------------------------------------
     0 | D:1      | Dabor the Vine Stalker Transmuter began the quest for the
                  | Orb.
     0 | D:1      | Reached XP level 1. HP: 9/9 MP: 4/4
    80 | D:1      | Reached skill level 1 in Fighting
   376 | D:1      | Reached XP level 2. HP: 12/14 MP: 6/6
   675 | D:1      | Reached XP level 3. HP: 11/18 MP: 4/7
  1454 | D:1      | Slain by a frilled lizard

Illustrated notes

Levels and vault maps discovered:
D:1:      dpeg_arrival_brainrot, layout_loops_ring, serial_park_tiny_2
D:2:      minmay_diamond_boxcup, layout_rooms, chequers_ecumenical_altar_simple,
          st_stairs_12, uniq_terence

Skill      XL: |  1  2  3 |
---------------+----------+-----
Fighting       | 1 |  1.5
Dodging        | 2 |  2.0
Unarmed Combat | |  3.3
Spellcasting   | |  2.7
Transmutations | |  2.4

Action                   || total
-------------------------++-------
Melee: Unarmed           ||    97
       Bite              ||    24
       Kick              ||     5
       Headbutt          ||     5
 Cast: Beastly Appendage ||     6
Armor: Robe              ||    18
Dodge: Dodged            ||    68

Table legend: (Time is in decaauts)
 A = Elapsed time spent in this place.
 B = Non-inter-level travel time spent in this place.
 C = Inter-level travel time spent in this place.
 D = Time resting spent in this place.
 E = Time spent auto-exploring this place.
 F = Levels seen in this place.
 G = Mean time per level.
                   A        B        C        D        E       F      G
               +--------+--------+--------+--------+--------+-----+--------+
         Total |   1448 |   1438 |     10 |     48 |   1194 |   2 |  724.0 |
       Dungeon |   1448 |   1438 |     10 |     48 |   1194 |   2 |  724.0 |
               +--------+--------+--------+--------+--------+-----+--------+

Top non-repeatable levels by time:
     D:1: 1345 daAuts
     D:2: 102 daAuts
